 Dungeon Crawl Stone Soup version 0.28-a0-1227-ga9037bb4c8 (webtiles) character file.

Game seed: 17121145107978755781

33959 blank1 the Warrior (level 13, 0/130 HPs)
             Began as a Minotaur Fighter on Dec 23, 2021.
             Was the Champion of Okawaru.
             Slain by a death yak (19 damage)
             ... on level 3 of the Lair of Beasts.
             The game lasted 00:32:17 (14898 turns).

blank1 the Warrior (Minotaur Fighter)              Turns: 14898, Time: 00:32:17

Health: 0/130      AC: 22    Str: 25    XL:     13   Next: 39%
Magic:  16/16      EV: 15    Int:  5    God:    Okawaru [******]
Gold:   959        SH:  5    Dex: 13    Spells: 12/12 levels left

rFire   + . .      SeeInvis .   a - +1 long sword
rCold   . . .      Faith    .   c - +0 buckler
rNeg    + . .      Spirit   .   R - +0 plate armour {Will+}
rPois   .          Reflect  .   (helmet restricted)
rElec   .          Harm     .   y - +0 cloak
rCorr   +          Rampage  .   M - +0 pair of gloves "Owaps" {rN+ Regen+ rCorr}
Will    +....                   A - +2 pair of boots
Stlth   ..........              u - amulet of regeneration
HPRegen 1.91/turn               K - ring of the Trout {rF+ Str+2}
MPRegen 0.15/turn               N - +4 ring of evasion

@: no status effects
A: horns 2, retaliatory headbutt
a: Renounce Religion, Heroism, Finesse, Duel


You were on level 3 of the Lair of Beasts.
You worshipped Okawaru.
Okawaru was exalted by your worship.
You visited 2 branches of the dungeon, and saw 14 of its levels.
You also visited: Ossuary.

You collected 959 gold pieces.

Inventory:

Hand Weapons
 a - a +1 long sword (weapon)
 w - a +2 flail of holy wrath
Missiles
 S - 5 silver javelins (quivered)
Armour
 c - a +0 buckler (worn)
 y - a +0 cloak (worn)
 A - a +2 pair of boots (worn)
 M - the +0 pair of gloves "Owaps" (worn) {rN+ Regen+ rCorr}
   (Okawaru gifted it to you on level 10 of the Dungeon)

   rN:        It protects you from negative energy.
   Regen:     It increases your rate of health regeneration.
   rCorr:     It protects you from acid and corrosion.
 R - a +0 plate armour of willpower (worn)
Jewellery
 n - a ring of ice
 u - an amulet of regeneration (around neck)
 I - an amulet of reflection
 K - the ring of the Trout (left hand) {rF+ Str+2}
   (You found it on level 8 of the Dungeon)

   [ring of protection from fire]

   Str:       It affects your strength (+2).
   rF:        It protects you from fire.
 N - a +4 ring of evasion (right hand)
 O - a +6 ring of dexterity
 P - a ring of positive energy
Wands
 o - a wand of flame (27)
 B - a wand of polymorph (19)
 H - a wand of acid (17)
 J - a wand of iceblast (13)
 L - a wand of mindburst (6)
Scrolls
 i - 3 scrolls of fear
 j - 7 scrolls of immolation
 p - 2 scrolls of teleportation
 q - 5 scrolls of fog
 x - a scroll of torment
 z - a scroll of enchant weapon
 C - 2 scrolls of vulnerability
 D - 5 scrolls of identify
 E - a scroll of brand weapon
 F - a scroll of magic mapping
 G - a scroll of silence
Potions
 b - 3 potions of ambrosia
 d - 2 potions of might
 e - 2 potions of magic
 f - 2 potions of resistance
 g - 6 potions of flight
 h - 5 potions of cancellation
 k - 2 potions of haste
 l - a potion of brilliance
 m - 4 potions of heal wounds
 r - 3 potions of curing
 s - 2 potions of mutation
 t - 2 potions of attraction
 v - a potion of invisibility


   Skills:
 + Level 16.4 Fighting
 - Level 14.0 Long Blades
 - Level 12.0 Armour
 - Level 10.0 Dodging
 - Level 6.0 Shields
 - Level 6.0 Invocations


You had 12 spell levels left.
You didn't know any spells.
Your spell library contained the following spells:

 Spells                   Type           Power      Damage    Failure   Level
 Apportation              Tloc           0%         N/A       99%         1
 Pain                     Necr           0%         1d4       99%         1
 Sandblast                Erth           0%         2d4       99%         1
 Sting                    Tmut/Pois      0%         1d3       99%         1
 Ensorcelled Hibernation  Hex/Ice        0%         N/A       100%        2
 Passwall                 Tmut/Erth      0%         N/A       100%        2
 Poisonous Vapours        Pois/Air       0%         N/A       100%        2
 Static Discharge         Conj/Air       0%         N/A       100%        2
 Dazzling Flash           Conj/Hex       0%         N/A       100%        3
 Inner Flame              Hex/Fire       0%         N/A       100%        3
 Spider Form              Tmut/Pois      0%         N/A       100%        3
 Stone Arrow              Conj/Erth      0%         3d7       100%        3
 Cause Fear               Hex            0%         N/A       100%        4
 Dispel Undead            Necr           0%         3d6       100%        4
 Iskenderun's Mystic Bla  Conj/Tloc      0%         2d3       100%        4
 Olgreb's Toxic Radiance  Pois           0%         N/A       100%        4
 Sticky Flame             Conj/Fire      0%         2d3       100%        4
 Agony                    Necr           0%         N/A       100%        5
 Blade Hands              Tmut           0%         N/A       100%        5
 Excruciating Wounds      Necr           0%         N/A       100%        5
 Irradiate                Conj/Tmut      0%         3d14      100%        5
 Starburst                Conj/Fire      0%         6d3       100%        6
 Dragon Form              Tmut           0%         N/A       100%        7
 Discord                  Hex            0%         N/A       100%        8
 Animate Skeleton         Necr           Unusable   N/A       N/A         1
 Summon Small Mammal      Summ           Unusable   N/A       N/A         1

Dungeon Overview and Level Annotations

Branches:
Dungeon (10/15)            Temple (0/1) D:4            Lair (4/6) D:9
Ossuary (visited)
  Swamp: Lair:2-4    Shoals: Lair:2-4     Snake: Lair:2-4    Spider: Lair:2-4
    Orc: D:9-12

Altars:
Elyvilon
Fedhas
Gozag
Makhleb
Okawaru
Qazlal
Trog
Uskayaw
Wu Jian

Shops:
D:10 [

Annotations:
D:4 1 runed translucent door


Innate Abilities, Weirdness & Mutations

You have a pair of horns on your head.
You reflexively headbutt those who attack you in melee.


Message History

Unknown command.
You are too injured to fight recklessly!
Unknown command.
You are too injured to fight recklessly!
Unknown command.
You are too injured to fight recklessly!
You slash the death yak!
The death yak is almost dead.
You slash the death yak!
You kill the death yak!
Okawaru is honoured by your kill. The death yak gores you!
Training target 6.0 for Invocations reached!
Your Invocations skill increases to level 6!
The death yak gores you!
You see here a death yak corpse.
You barely miss the death yak.
The death yak is lightly wounded.
The death yak gores you!
* * * LOW HITPOINT WARNING * * *
You hit the death yak but do no damage.
The death yak is lightly wounded.
You barely miss the death yak. You headbutt the death yak.
The death yak is lightly wounded.
The death yak gores you!
* * * LOW HITPOINT WARNING * * *
You hit the death yak.
The death yak is lightly wounded.
The death yak gores you!
* * * LOW HITPOINT WARNING * * *
You hit the death yak.
You headbutt the death yak, but do no damage.
The death yak is lightly wounded.
You hit the death yak.
The death yak is moderately wounded.
The death yak barely misses you.
You hit the death yak but do no damage.
The death yak is lightly wounded.
The death yak gores you!!
You die...

..................
..=........+......
............##....
...........#......
............#...†.
##.####.+P####..'#
# ##...## ###..
######...## #..
#.@......# #.#
##Y#...#.# ###
#..$......# #..
#..........$ ######
#............ .....
#............##....
#<.......#####..+..
.......... #.#P #..


You could see a death yak.

Vanquished Creatures
  A fire dragon (D:10)
  2 boulder beetles
  A hydra (Lair:1)
  3 two-headed ogres
  A tengu warrior (D:9)
  8 death yaks
  Nergalle (Lair:1)
  The ghost of dang3rdave the Fighter, a novice GrDe of Nemelex Xobeh (D:8)
  An orc knight (D:10)
  An oklob plant (D:10)
  2 ugly things
  A wolf spider (D:10)
  3 cyclopes (D:10)
  A black mamba (D:9)
  5 elephants (Lair:4)
  A molten gargoyle (Lair:2)
  4 cane toads
  An unseen horror (D:8)
  2 kobold demonologists (D:9)
  A freezing wraith (D:10)
  6 komodo dragons
  A rime drake (Lair:1)
  The ghost of oldriver the Chopper, an amateur MiBe of Trog (D:4)
  A polar bear (Lair:1)
  2 hornets (D:9)
  3 trolls (D:10)
  12 blink frogs
  A slime creature (D:9)
  Grinder (D:5)
  3 wyverns
  2 wraiths
  8 yaks
  A basilisk (D:10)
  A steam dragon (D:7)
  A vampire mosquito (D:10)
  Edmund (D:6)
  An acid dragon (D:10)
  6 water moccasins
  Duvessa (D:6)
  6 orc warriors
  A sky beast (D:4)
  2 black bears
  A necrophage (D:8)
  3 ogres
  5 centaurs
  4 wolves (Lair:1)
  A phantom (D:4)
  The ghost of ytrimaz the Insei, an amateur OpTm (D:3)
  A kobold brigand (D:9)
  6 bullfrogs
  2 elf skeletons (D:7)
  3 wyvern zombies (Ossuary)
  An elf zombie (D:7)
  4 scorpions
  A water moccasin zombie (D:3)
  Dowan (D:6)
  12 killer bees
  2 electric eels
  4 howler monkeys
  12 bullfrog zombies
  6 centaur zombies
  A bullfrog skeleton (D:7)
  3 centaur skeletons
  3 jellies
  2 human zombies (D:7)
  5 orc priests
  3 hounds
  Crazy Yiuf (D:6)
  3 human skeletons (D:7)
  Jessica (D:3)
  Ijyb (D:3)
  3 iguanas
  8 orc wizards
  4 killer bee zombies (Ossuary)
  4 centaur simulacra
  4 hound skeletons
  12 mummies
  5 howler monkey zombies
  11 gnolls
  12 adders
  A howler monkey skeleton (D:4)
  2 shadow imps
  A worm (D:4)
  3 dart slugs
  32 orcs
  An endoplasm (D:1)
  5 giant cockroaches
  4 goblins
  8 hobgoblins
  2 jackals (D:1)
  6 quokkas
  9 ball pythons
  9 bats
  2 frilled lizards (D:1)
  8 kobolds
  A kobold zombie (D:4)
  3 orc skeletons (D:7)
  3 orc zombies (D:4)
  5 rats
364 creatures vanquished.

Vanquished Creatures (others)
  A wizard (D:3)
  34 fungi
  38 plants
  5 withered plants (Ossuary)
78 creatures vanquished.

Grand Total: 442 creatures vanquished

Notes
Turn   | Place    | Note
-------+----------+-------------------------------------------
     0 | D:1      | blank1 the Minotaur Fighter began the quest for the Orb.
     0 | D:1      | Reached XP level 1. HP: 19/19 MP: 0/0
   239 | D:1      | Reached XP level 2. HP: 26/27 MP: 1/1
   355 | D:1      | Found a faded altar of an unknown god.
   858 | D:1      | Reached skill level 1 in Dodging
  1163 | D:2      | Reached skill level 4 in Fighting
  1163 | D:2      | Reached XP level 3. HP: 31/33 MP: 2/2
  1579 | D:2      | Reached XP level 4. HP: 15/40 MP: 3/3
  2053 | D:3      | Found a transporter.
  2056 | D:3      | Noticed ytrimaz's ghost (amateur OpTm)
  2223 | D:3      | Found a white marble altar of Elyvilon.
  2283 | D:3      | Reached skill level 5 in Long Blades
  2293 | D:3      | Noticed Ijyb
  2302 | D:3      | Killed Ijyb
  2303 | D:3      | Reached XP level 5. HP: 45/46 MP: 4/4
  2345 | D:3      | Found an iron altar of Okawaru.
  2372 | D:3      | Became a worshipper of Warmaster Okawaru
  2424 | D:3      | Found a transporter.
  2602 | D:3      | Reached skill level 1 in Invocations
  2609 | D:3      | Reached XP level 6. HP: 24/55 MP: 4/6
  2618 | D:3      | Killed ytrimaz's ghost
  2619 | D:3      | Reached skill level 5 in Fighting
  2619 | D:3      | Reached skill level 5 in Armour
  2930 | D:3      | Found a bloodstained altar of Trog.
  2931 | D:3      | Noticed a wizard
  2937 | D:3      | Killed a wizard
  3045 | D:3      | Found an opulent altar of Gozag.
  3081 | D:3      | Noticed Jessica
  3087 | D:3      | Killed Jessica
  3218 | D:3      | Found an ornate altar of the Wu Jian Council.
  3290 | D:4      | Found a runed translucent door.
  3291 | D:4      | Noticed oldriver's ghost (amateur MiBe)
  3306 | D:4      | Reached * piety under Okawaru
  3406 | D:4      | Found a runed translucent door.
  3516 | D:4      | Noticed a sky beast
  3543 | D:4      | Killed a sky beast
  3544 | D:4      | Reached XP level 7. HP: 27/61 MP: 8/8
  3889 | D:4      | Found a staircase to the Ecumenical Temple.
  4322 | D:4      | Reached skill level 6 in Fighting
  4867 | D:4      | Killed oldriver's ghost
  5212 | D:5      | Entered Level 5 of the Dungeon
  5231 | D:4      | Reached skill level 7 in Fighting
  5397 | D:5      | Noticed a yak
  5397 | D:5      | Noticed a yak
  5399 | D:5      | Noticed a yak
  5408 | D:5      | Killed a yak
  5409 | D:5      | Reached XP level 8. HP: 58/73 MP: 6/9
  5416 | D:5      | Reached skill level 8 in Fighting
  5426 | D:5      | Reached ** piety under Okawaru
  5439 | D:5      | Reached skill level 9 in Fighting
  5451 | D:5      | Reached skill level 10 in Fighting
  5689 | D:5      | Found a hide-covered altar of Uskayaw.
  5839 | D:5      | Reached XP level 9. HP: 85/85 MP: 10/10
  6320 | D:6      | Noticed Edmund
  6322 | D:6      | Noticed Dowan
  6380 | D:6      | Noticed Grinder
  6548 | D:5      | Killed Grinder
  6548 | D:5      | Reached *** piety under Okawaru
  7142 | D:6      | Killed Edmund
  7190 | D:6      | Noticed Duvessa
  7202 | D:6      | Killed Duvessa
  7213 | D:6      | Killed Dowan
  7355 | D:6      | Reached skill level 10 in Long Blades
  7437 | D:6      | Found a runed translucent door.
  7438 | D:6      | Noticed Crazy Yiuf
  7653 | D:6      | Killed Crazy Yiuf
  7879 | D:7      | Found a sand-covered staircase.
  7884 | Ossuary  | Entered an ossuary
  7973 | Ossuary  | Reached **** piety under Okawaru
  7990 | Ossuary  | Reached XP level 10. HP: 94/94 MP: 11/11
  8018 | Ossuary  | Reached skill level 5 in Dodging
  8394 | D:7      | Reached skill level 11 in Fighting
  9145 | D:8      | Reached ***** piety under Okawaru
  9236 | D:8      | Found a burning altar of Makhleb.
  9245 | D:8      | Found a stormy altar of Qazlal.
  9367 | D:8      | Received a gift from Okawaru
  9495 | D:8      | Found a runed translucent gate.
  9495 | D:8      | Found a runed translucent gate.
  9496 | D:8      | Found a runed translucent gate.
  9497 | D:8      | Noticed dang3rdave's ghost (novice GrDe)
  9545 | D:8      | Reached skill level 10 in Armour
  9555 | D:8      | Identified the +1 dire flail of the Warrior-Mage {freeze,
                  | MP+9}
  9930 | D:8      | Killed dang3rdave's ghost
  9931 | D:8      | Reached skill level 12 in Fighting
  9951 | D:8      | Identified the ring of the Trout {rF+ Str+2}
 10099 | D:9      | Reached skill level 5 in Shields
 10371 | D:9      | Noticed a rust devil
 10371 | D:9      | Noticed a sun demon
 10374 | D:9      | Reached XP level 11. HP: 104/104 MP: 11/13
 10758 | D:9      | Found a staircase to the Lair.
 10954 | D:10     | Entered Level 10 of the Dungeon
 11102 | D:10     | Noticed a two-headed ogre
 11102 | D:10     | Noticed a tengu warrior
 11113 | D:10     | Identified the +9 longbow of the Swamp {speed, rPois}
                  | (Okawaru gifted it to you on level 10 of the Dungeon)
 11113 | D:10     | Received a gift from Okawaru
 11144 | D:10     | Noticed a two-headed ogre
 11267 | D:9      | Killed a tengu warrior
 11328 | D:9      | Killed a two-headed ogre
 11346 | D:10     | Noticed a two-headed ogre
 11353 | D:10     | Killed a two-headed ogre
 11399 | D:10     | Noticed a boulder beetle
 11438 | D:10     | Killed a boulder beetle
 11482 | D:10     | Found a blossoming altar of Fedhas.
 11493 | D:10     | Noticed an oklob plant
 11615 | D:10     | Noticed a green ugly thing
 11615 | D:10     | Noticed a cyan ugly thing
 11640 | D:9      | Killed a green ugly thing
 11652 | D:10     | Killed a cyan ugly thing
 11653 | D:10     | Reached skill level 13 in Fighting
 11754 | D:10     | Noticed an orc knight
 11775 | D:10     | Killed an orc knight
 11883 | D:10     | Identified the +0 pair of gloves "Owaps" {rN+ Regen+ rCorr}
                  | (Okawaru gifted it to you on level 10 of the Dungeon)
 11883 | D:10     | Received a gift from Okawaru
 11970 | D:10     | Found Ynwaog's Antique Armour Emporium.
 12000 | D:10     | Reached XP level 12. HP: 114/116 MP: 14/14
 12070 | D:10     | Noticed a fire dragon
 12087 | D:10     | Killed a fire dragon
 12088 | D:10     | Reached skill level 14 in Fighting
 12252 | D:10     | Killed a two-headed ogre
 12651 | Lair:1   | Entered Level 1 of the Lair of Beasts
 12691 | D:9      | Reached skill level 5 in Invocations
 12970 | Lair:1   | Reached ****** piety under Okawaru
 12981 | Lair:1   | Noticed Nergalle
 12994 | Lair:1   | Killed Nergalle
 13035 | Lair:1   | Noticed a seven-headed hydra
 13041 | Lair:1   | Killed a seven-headed hydra
 13041 | Lair:1   | Received a gift from Okawaru
 13336 | Lair:1   | Received a gift from Okawaru
 13473 | Lair:1   | Reached skill level 15 in Fighting
 13614 | Lair:2   | Noticed a boulder beetle
 13757 | Lair:2   | Received a gift from Okawaru
 13816 | Lair:2   | Noticed a death yak
 13816 | Lair:2   | Noticed a death yak
 13881 | Lair:1   | Killed a death yak
 13984 | Lair:2   | Received a gift from Okawaru
 13985 | Lair:2   | Reached XP level 13. HP: 118/127 MP: 15/15
 14536 | Lair:2   | You fall into a shaft and drop 2 floors!
 14554 | Lair:4   | Reached skill level 10 in Dodging
 14813 | Lair:3   | Reached skill level 16 in Fighting
 14898 | Lair:3   | Slain by a death yak

Illustrated notes

Levels and vault maps discovered:
D:1:      dpeg_arrival_simpleton_a, layout_basic, serial_rivers,
          chequers_serial_rivers_micro_d, chequers_serial_rivers_small_3,
          chequers_serial_rivers_small_b, chequers_serial_rivers_small_a,
          shapermc_ecumenical_altar_totnotflames, st_stairs_8,
          corexii_item_surrounded_by_moat, solitary_fountain
D:2:      layout_rooms, kennysheep_generic_room_3
D:3:      layout_loops_ring, mainiacjoe_overflow_brackets,
          overflow_temple_1_default, trog_wizard, grunt_gozag_breadcrumbs,
          mainiacjoe_overflow_surrounded_room, gammafunk_ghost_mausoleum,
          uniq_jessica, uniq_ijyb
D:4:      layout_layer_cave, minmay_temple_entry_crystal_x,
          ebering_ghost_sewer_f, grunt_decor_one_mirror, minmay_mini_ossuary
D:5:      layout_rooms, mainiacjoe_overflow_chevrons, kennysheep_generic_room_9
D:6:      layout_rooms, uniq_duvessa, uniq_crazy_yiuf_cottage, uniq_grinder,
          uniq_edmund
D:7:      layout_loops_ring, nicolae_ossuary_entry_catacombs
D:8:      layout_gridville, amethyst_overflow_temple_binary,
          gammafunk_ghost_necromancy
D:9:      layout_loops_ring, grunt_lair_entry_orc_guard_hut,
          kennysheep_minor_cross
D:10:     minmay_the_grid_net [minmay_the_grid_dragon_b, minmay_the_grid_slots,
          minmay_the_grid_minigrid_small, minmay_the_grid_minigrid_large,
          minmay_the_grid_spin_star, minmay_the_grid_prize_four_corners],
          layout_cave_pools, tgw_fedhas, serial_shops,
          nicolae_shop_overgrown_old_shop, hangedman_abyss_or_decor_clamps
Lair:1:   layout_loops_ring, serial_bayou_shore_a, infiniplex_staircase_pool,
          uniq_nergalle
Lair:2:   layout_gridlike, lemuel_fruit_tree
Lair:3:   layout_roguey, nicolae_swamp_entry_splash_gauntlet,
          spider_nest_entry_web_field
Lair:4:   layout_loops_ring, grunt_megastairs_2, lemuel_fruit_fields

Skill      XL: |  1  2  3  4  5  6  7  8  9 10 11 12 13 |
---------------+----------------------------------------+-----
Dodging        | 1 2 4 6 7 9 10 | 10.0
Shields        | 4 5 6 |  6.0
Fighting       | 4 5 7 10 12 13 15 16 | 16.4
Armour         | 4 5 8 10 11 12 | 12.0
Long Blades    | 4 5 7 8 10 13 14 | 14.0
Invocations    | 1 3 4 5 6 |  6.0

Action                   |  1- 3 |  4- 6 |  7- 9 | 10-12 | 13-15 || total
-------------------------+-------+-------+-------+-------+-------++-------
Melee: Long sword        |    85 |   149 |   343 |   867 |   173 ||  1617
       Headbutt          |     7 |    17 |    82 |   234 |    68 ||   408
       Unarmed           |       |       |     2 |       |       ||     2
       Flail             |       |       |       |     3 |       ||     3
Throw: Javelin           |       |       |       |       |     3 ||     3
Invok: Heroism           |       |       |     3 |     6 |     2 ||    11
       Finesse           |       |       |       |     2 |       ||     2
Evoke: Wand              |       |       |       |     7 |       ||     7
  Use: Scroll            |       |     6 |    13 |     7 |       ||    26
Armor: Scale mail        |    40 |    78 |    66 |       |       ||   184
       Chain mail        |       |       |    66 |    53 |       ||   119
       Plate armour      |       |       |       |   361 |    48 ||   409
Dodge: Dodged            |    35 |    72 |   111 |   324 |    57 ||   599
Block: Buckler           |    14 |    29 |    61 |   205 |    22 ||   331

Table legend: (Time is in decaauts)
 A = Elapsed time spent in this place.
 B = Non-inter-level travel time spent in this place.
 C = Inter-level travel time spent in this place.
 D = Time resting spent in this place.
 E = Time spent auto-exploring this place.
 F = Levels seen in this place.
 G = Mean time per level.
                   A        B        C        D        E       F      G
               +--------+--------+--------+--------+--------+-----+--------+
         Total |  14759 |  14183 |    576 |   1659 |   8678 |  15 |  983.9 |
       Dungeon |  12271 |  11761 |    510 |   1641 |   7396 |  10 | 1227.1 |
          Lair |   2130 |   2064 |     66 |     18 |   1193 |   4 |  532.5 |
       Ossuary |    356 |    356 |      0 |      0 |     88 |   1 |  356.0 |
               +--------+--------+--------+--------+--------+-----+--------+

Top non-repeatable levels by time:
     D:4: 1893 daAuts
     D:5: 1624 daAuts
     D:3: 1532 daAuts
     D:9: 1341 daAuts
    D:10: 1217 daAuts
     D:8: 1182 daAuts
     D:1: 1170 daAuts
  Lair:1: 991 daAuts
     D:2: 884 daAuts
  Lair:2: 807 daAuts
     D:7: 774 daAuts
     D:6: 649 daAuts
 Ossuary: 356 daAuts
  Lair:4: 223 daAuts
  Lair:3: 108 daAuts
